BSA
ST. LOUIS BROWNS @ PORTLAND PHILOSPHER KINGS
08/28/2024
 
TOP OF THE 1ST
St. Louis Browns batting - Pitching for Portland Philospher Kings : RHP Luis López
Pitching: RHP Luis López
Batting: LHB Joe Sanders 0-0: Called Strike
0-1: Ball
1-1: Swinging Strike
1-2: Ball
2-2: Foul Ball, location: 2F
2-2: Ball
3-2: Reached on error, E4 (Groundball, 4)
Batting: LHB Mike Hill 0-0: Called Strike
0-1: SINGLE (Line Drive, 7S)
Joe Sanders to second
Batting: LHB Mario García 0-0: Ball
1-0: Swinging Strike
1-1: Ball
2-1: Foul Ball, location: 2F
2-2: Ball
3-2: Ground out U3 (Groundball, 3S)
Joe Sanders to third
Mike Hill to second
Batting: LHB Stan Hickman 0-0: Ground out 1-3 (Groundball, 15S)
Batting: LHB Jorge Torres 0-0: Fly out, F7 (Flyball, 78D)
Top of the 1st over - 0 run(s), 1 hit(s), 1 error(s), 2 left on base; St. Louis 0 - Portland 0
BOTTOM OF THE 1ST
Portland Philospher Kings batting - Pitching for St. Louis Browns : RHP Nelson Ortega
Pitching: RHP Nelson Ortega
Batting: LHB Keith Beard 0-0: Bunted foul
0-1: Ball
1-1: SINGLE (Line Drive, 8RS)
Batting: LHB Jeff Daniels 0-0: Ball
1-0: Fly out, F7 (Flyball, 7M)
Batting: SHB José Alomar 0-0: Called Strike
0-1: SINGLE (Groundball, 5D)
Keith Beard to second
Batting: LHB Tom Blake 0-0: Ball
1-0: Foul Ball, location: 2F
1-1: Ball
2-1: Called Strike
2-2: Fly out, F9 (Flyball, 89XD)
Runner from 2nd tags up, SAFE at 3rd, no throw
Batting: LHB Paul Mullins 0-0: Ball
1-0: Called Strike
1-1: Ball
2-1: Foul Ball, location: 2F
2-2: Ground out 4-3 (Groundball, 4)
Bottom of the 1st over - 0 run(s), 2 hit(s), 0 error(s), 2 left on base; St. Louis 0 - Portland 0
TOP OF THE 2ND
St. Louis Browns batting - Pitching for Portland Philospher Kings : RHP Luis López
Batting: LHB Héctor Núñez 0-0: Ball
1-0: Swinging Strike
1-1: Swinging Strike
1-2: Ball
2-2: SINGLE (Groundball, 4MD)
Batting: RHB Will Brown 0-0: Called Strike
0-1: Ball
1-1: Ball
2-1: Foul Ball, location: 2F
2-2: Foul Ball, location: 2F
2-2: Fly out, F9 (Flyball, 9LS)
Batting: LHB Víctor Hernández 0-0: Called Strike
0-1: Foul Ball, location: 2F
0-2: Foul Ball, location: 2F
0-2: Foul Ball, location: 2F
0-2: Foul Ball, location: 2F
0-2: Ball
1-2: Fly out, F5 (Popup, 5SF)
Batting: RHB Mario Rosales 0-0: Ball
1-0: Called Strike
1-1: Foul Ball, location: 2F
1-2: Fielders Choice at 2nd, U6 (Groundball, 6M)
Top of the 2nd over - 0 run(s), 1 hit(s), 0 error(s), 1 left on base; St. Louis 0 - Portland 0
BOTTOM OF THE 2ND
Portland Philospher Kings batting - Pitching for St. Louis Browns : RHP Nelson Ortega
Batting: RHB Aaron Scott 0-0: Ball
1-0: Ball
2-0: Foul Ball, location: 2F
2-1: Foul Ball, location: 2F
2-2: Ground out 6-3 (Groundball, 6M)
Batting: LHB Bill Bertrand 0-0: Ball
1-0: Ball
2-0: Ground out 5-3 (Groundball, 56S)
Batting: RHB Germán Rosales 0-0: Ball
1-0: Ball
2-0: Called Strike
2-1: Ground out 6-3 (Groundball, 6MS)
Bottom of the 2nd over - 0 run(s), 0 hit(s), 0 error(s), 0 left on base; St. Louis 0 - Portland 0
TOP OF THE 3RD
St. Louis Browns batting - Pitching for Portland Philospher Kings : RHP Luis López
Batting: LHB Joe Sanders 0-0: Ground out 1-3 (Groundball, 13)
Batting: LHB Mike Hill 0-0: Fly out, F8 (Flyball, 8LM)
Batting: LHB Mario García 0-0: Called Strike
0-1: Ball
1-1: TRIPLE (Line Drive, 8RS)
Batting: LHB Stan Hickman 0-0: Called Strike
0-1: Ball
1-1: Fly out, F7 (Line Drive, 7M)
Top of the 3rd over - 0 run(s), 1 hit(s), 0 error(s), 1 left on base; St. Louis 0 - Portland 0
BOTTOM OF THE 3RD
Portland Philospher Kings batting - Pitching for St. Louis Browns : RHP Nelson Ortega
Batting: RHB Dani Vázquez 0-0: Ball
1-0: Called Strike
1-1: Swinging Strike
1-2: Strikes out swinging
Batting: LHB Keith Beard 0-0: Ground out 4-3 (Groundball, 4)
Batting: LHB Jeff Daniels 0-0: Ground out 5-3 (Groundball, 56)
Bottom of the 3rd over - 0 run(s), 0 hit(s), 0 error(s), 0 left on base; St. Louis 0 - Portland 0
TOP OF THE 4TH
St. Louis Browns batting - Pitching for Portland Philospher Kings : RHP Luis López
Batting: LHB Jorge Torres 0-0: Ball
1-0: Ball
2-0: Ground out 4-3 (Groundball, 4)
Batting: LHB Héctor Núñez 0-0: SINGLE (Line Drive, 9S)
Batting: RHB Will Brown 0-0: Ball
1-0: Foul Ball, location: 2F
1-1: Ball
2-1: SINGLE (Line Drive, 56)
Héctor Núñez to second
Batting: LHB Víctor Hernández 0-0: Ball
1-0: Ball
2-0: Ball
3-0: Base on Balls
Héctor Núñez to third
Will Brown to second
Batting: RHB Mario Rosales 0-0: Ball
1-0: DOUBLE (Line Drive, 7LD)
Héctor Núñez scores
Will Brown scores
Víctor Hernández to third
Runner from 3rd tries for Home, throw and OUT!
Runner from 2nd tries for 3rd, throw and OUT! Double Play!
Top of the 4th over - 2 run(s), 3 hit(s), 0 error(s), 0 left on base; St. Louis 2 - Portland 0
BOTTOM OF THE 4TH
Portland Philospher Kings batting - Pitching for St. Louis Browns : RHP Nelson Ortega
Batting: SHB José Alomar 0-0: Ball
1-0: Ball
2-0: Called Strike
2-1: Ball
3-1: Foul Ball, location: 2F
3-2: Strikes out looking
Batting: LHB Tom Blake 0-0: Called Strike
0-1: Foul Ball, location: 2F
0-2: Ball
1-2: Ball
2-2: Ball
3-2: Ground out U3 (Groundball, 3L)
Batting: LHB Paul Mullins 0-0: Swinging Strike
0-1: Ground out 4-3 (Groundball, 4)
Bottom of the 4th over - 0 run(s), 0 hit(s), 0 error(s), 0 left on base; St. Louis 2 - Portland 0
TOP OF THE 5TH
St. Louis Browns batting - Pitching for Portland Philospher Kings : RHP Luis López
Batting: LHB Joe Sanders 0-0: Ball
1-0: Called Strike
1-1: Ground out 3-1 (Groundball, 3)
Batting: LHB Mike Hill 0-0: Ground out 4-3 (Groundball, 4)
Batting: LHB Mario García 0-0: Ball
1-0: DOUBLE (Line Drive, 7LD)
Batting: LHB Stan Hickman 0-0: Called Strike
0-1: SINGLE (Groundball, 34D)
Mario García to third
Runner from 3rd tries for Home, SAFE, no throw or cutoff
Batting: LHB Jorge Torres 0-0: SINGLE (Flyball, 4MD)
Stan Hickman to second
Batting: LHB Héctor Núñez 0-0: Called Strike
0-1: Ball
1-1: Swinging Strike
1-2: Foul Ball, location: 2F
1-2: Foul Ball, location: 2F
1-2: Ball
2-2: Foul Ball, location: 2F
2-2: Strikes out looking
Top of the 5th over - 1 run(s), 3 hit(s), 0 error(s), 2 left on base; St. Louis 3 - Portland 0
BOTTOM OF THE 5TH
Portland Philospher Kings batting - Pitching for St. Louis Browns : RHP Nelson Ortega
Batting: RHB Aaron Scott 0-0: Called Strike
0-1: Foul Ball, location: 2F
0-2: Ball
1-2: Ball
2-2: Ball
3-2: Foul Ball, location: 2F
3-2: Base on Balls
Batting: LHB Bill Bertrand 0-0: Ball
1-0: Ball
2-0: Ball
3-0: Called Strike
3-1: Base on Balls
Aaron Scott to second
Batting: RHB Germán Rosales 0-0: Ball
1-0: SINGLE (Groundball, 56D)
Aaron Scott to third
Bill Bertrand to second
Batting: RHB Dani Vázquez 0-0: Called Strike
0-1: Ball
1-1: Ball
2-1: Called Strike
2-2: Fly out, F9 (Flyball, 9M)
Runner from 3rd tags up, SCORES, throw made
Batting: LHB Keith Beard 0-0: Ball
1-0: Fielders Choice at 2nd, 3-6 (Groundball, 3)
Bill Bertrand to third
Batting: LHB Jeff Daniels 0-0: Foul Ball, location: 2F
0-1: Ground out 3-1 (Groundball, 34)
Bottom of the 5th over - 1 run(s), 1 hit(s), 0 error(s), 2 left on base; St. Louis 3 - Portland 1
TOP OF THE 6TH
St. Louis Browns batting - Pitching for Portland Philospher Kings : RHP Luis López
Batting: RHB Will Brown 0-0: Foul Ball, location: 2F
0-1: Ball
1-1: Called Strike
1-2: Ground out 6-3 (Groundball, 6M)
Batting: LHB Víctor Hernández 0-0: Swinging Strike
0-1: Ball
1-1: Foul Ball, location: 2F
1-2: Ground out 5-3 (Groundball, 56)
Batting: RHB Mario Rosales 0-0: Ground out 5-3 (Groundball, 5)
Top of the 6th over - 0 run(s), 0 hit(s), 0 error(s), 0 left on base; St. Louis 3 - Portland 1
BOTTOM OF THE 6TH
Portland Philospher Kings batting - Pitching for St. Louis Browns : RHP Nelson Ortega
Batting: SHB José Alomar 0-0: Called Strike
0-1: TRIPLE (Line Drive, 8RM)
Batting: LHB Tom Blake 0-0: Called Strike
0-1: Foul Ball, location: 2F
0-2: Ground out U3 (Groundball, 3S)
Batting: LHB Paul Mullins 0-0: Ball
1-0: Ball
2-0: Called Strike
2-1: Foul Ball, location: 2F
2-2: Ball
3-2: Strikes out looking
Batting: RHB Aaron Scott 0-0: Ball
1-0: Swinging Strike
1-1: Ball
Wild Pitch!
José Alomar scores
2-1: Ball
3-1: Foul Ball, location: 2F
3-2: Base on Balls
Batting: LHB Bill Bertrand 0-0: Ball
1-0: DOUBLE (Line Drive, 3L)
Aaron Scott to third
Runner from 3rd tries for Home, SAFE, no throw or cutoff
Batting: RHB Germán Rosales 0-0: Ball
1-0: Foul Ball, location: 2F
1-1: Ground out 2-3 (Groundball, 2L)
Bottom of the 6th over - 2 run(s), 2 hit(s), 0 error(s), 1 left on base; St. Louis 3 - Portland 3
TOP OF THE 7TH
St. Louis Browns batting - Pitching for Portland Philospher Kings : RHP Luis López
Batting: LHB Joe Sanders 0-0: Foul Ball, location: 2F
0-1: Ball
1-1: Ground out 1-3 (Groundball, 13S)
Batting: LHB Mike Hill 0-0: Foul Ball, location: 2F
0-1: Ball
1-1: Ball
2-1: Foul Ball, location: 2F
2-2: Foul Ball, location: 2F
2-2: Ground out U3 (Groundball, 3S)
Batting: LHB Mario García 0-0: Called Strike
0-1: Foul Ball, location: 2F
0-2: Ball
1-2: Fly out, F8 (Flyball, 8RD)
Top of the 7th over - 0 run(s), 0 hit(s), 0 error(s), 0 left on base; St. Louis 3 - Portland 3
BOTTOM OF THE 7TH
Portland Philospher Kings batting - Pitching for St. Louis Browns : RHP Nelson Ortega
Pitching: RHP Beau Brown
Batting: RHB Dani Vázquez 0-0: Ball
1-0: Ground out 5-3 (Groundball, 5L)
Batting: LHB Keith Beard 0-0: Called Strike
0-1: Foul Ball, location: 2F
0-2: Foul Ball, location: 2F
0-2: Ball
1-2: Ball
2-2: Ball
3-2: Foul Ball, location: 2F
3-2: Ground out 4-3 (Groundball, 34)
Batting: LHB Jeff Daniels 0-0: Ball
1-0: SINGLE (Groundball, 4MD)
Batting: SHB José Alomar 0-0: Foul Ball, location: 2F
0-1: Ball
1-1: Ball
2-1: Ball
3-1: Base on Balls
Jeff Daniels to second
Batting: LHB Tom Blake 0-0: Called Strike
0-1: Foul Ball, location: 2F
0-2: Ball
1-2: Ball
2-2: Foul Ball, location: 2F
2-2: Fly out, F7 (Flyball, 7LMF)
Bottom of the 7th over - 0 run(s), 1 hit(s), 0 error(s), 2 left on base; St. Louis 3 - Portland 3
TOP OF THE 8TH
St. Louis Browns batting - Pitching for Portland Philospher Kings : RHP Luis López
Pitching: RHP César Menéndez
Batting: LHB Stan Hickman 0-0: Foul Ball, location: 2F
0-1: Ball
1-1: Called Strike
1-2: Strikes out looking
Pitching: LHP Yu-shu Kong
Batting: LHB Jorge Torres 0-0: Ball
1-0: Called Strike
1-1: SINGLE (Flyball, 89S)
Pitching: LHP Valentín Reséndez
Pinch Hitting: RHB R.J. Parker 0-0: Bunted foul
0-1: Bunted foul
0-2: Strikes out looking
Batting: RHB Will Brown 0-0: Foul Ball, location: 2F
0-1: SINGLE (Groundball, 34D)
Jorge Torres to second
Runner from 2nd tries for 3rd, SAFE, throw made to third
Pinch Hitting: RHB Wilson Martínez 0-0: Foul Ball, location: 2F
0-1: Ball
1-1: Ball
2-1: DOUBLE (Groundball, 3D)
Jorge Torres scores
Will Brown to third
Runner from 3rd tries for Home, SAFE, no throw or cutoff
Batting: RHB Mario Rosales 0-0: Ball
1-0: Ball
2-0: Ball
3-0: Called Strike
3-1: Base on Balls
Batting: LHB Joe Sanders 0-0: SINGLE (Groundball, 4MD)
Wilson Martínez to third
Mario Rosales to second
Runner from 3rd tries for Home, SAFE, no throw or cutoff
Batting: LHB Mike Hill 0-0: Ball
1-0: 3-RUN HOME RUN (Flyball, 9LD), Distance : 312 ft
Pitching: LHP Edgardo Guzmán
Batting: LHB Mario García 0-0: Called Strike
0-1: Swinging Strike
0-2: Ball
1-2: Ball
2-2: Foul Ball, location: 2F
2-2: Ball
3-2: Base on Balls
Batting: LHB Stan Hickman 0-0: Called Strike
0-1: Ball
1-1: Foul Ball, location: 2F
1-2: Ball
Mario García is caught stealing 2nd base
Top of the 8th over - 6 run(s), 5 hit(s), 0 error(s), 0 left on base; St. Louis 9 - Portland 3
BOTTOM OF THE 8TH
Portland Philospher Kings batting - Pitching for St. Louis Browns : RHP Beau Brown
Now at 3B: Brian Cash
Now at SS: George Howard
Batting: LHB Paul Mullins 0-0: Ball
1-0: Foul Ball, location: 2F
1-1: Foul Ball, location: 2F
1-2: Foul Ball, location: 2F
1-2: Foul Ball, location: 2F
1-2: Ball
2-2: Foul Ball, location: 2F
2-2: Fly out, F7 (Flyball, 78S)
Batting: RHB Aaron Scott 0-0: Ball
1-0: Called Strike
1-1: Ball
2-1: Ball
3-1: Foul Ball, location: 2F
3-2: Fly out, F8 (Flyball, 8LS)
Batting: LHB Bill Bertrand 0-0: Ball
1-0: Ball
2-0: Called Strike
2-1: Ground out 4-3 (Groundball, 34)
Bottom of the 8th over - 0 run(s), 0 hit(s), 0 error(s), 0 left on base; St. Louis 9 - Portland 3
TOP OF THE 9TH
St. Louis Browns batting - Pitching for Portland Philospher Kings : LHP Edgardo Guzmán
Batting: LHB Stan Hickman 0-0: Ball
1-0: Ball
2-0: Called Strike
2-1: Foul Ball, location: 2F
2-2: Ball
3-2: Foul Ball, location: 2F
3-2: DOUBLE (Flyball, 8RXD)
Batting: LHB Jorge Torres 0-0: DOUBLE (Flyball, 7D)
Stan Hickman scores
Batting: RHB Brian Cash 0-0: Ground out 2-3 (Groundball, 23)
Jorge Torres to third
Batting: RHB Will Brown 0-0: Called Strike
0-1: Called Strike
0-2: Foul Ball, location: 2F
0-2: Ball
1-2: Ball
2-2: Foul Ball, location: 2F
2-2: Strikes out swinging
Batting: RHB George Howard 0-0: SINGLE (Groundball, 56D)
Jorge Torres scores
Batting: RHB Mario Rosales 0-0: Ball
1-0: Foul Ball, location: 2F
1-1: Called Strike
1-2: Foul Ball, location: 2F
1-2: Foul Ball, location: 2F
1-2: Ball
2-2: Foul Ball, location: 2F
2-2: Strikes out swinging
Top of the 9th over - 2 run(s), 3 hit(s), 0 error(s), 1 left on base; St. Louis 11 - Portland 3
BOTTOM OF THE 9TH
Portland Philospher Kings batting - Pitching for St. Louis Browns : RHP Beau Brown
Pitching: RHP John Allan
Batting: RHB Germán Rosales 0-0: Ball
1-0: Ground out U3 (Groundball, 3S)
Batting: RHB Dani Vázquez 0-0: Ball
1-0: Foul Ball, location: 2F
1-1: Ball
2-1: Ball
3-1: Foul Ball, location: 2F
3-2: Foul Ball, location: 2F
3-2: Base on Balls
Batting: LHB Keith Beard 0-0: Called Strike
0-1: Ball
1-1: Ball
2-1: Ball
3-1: Base on Balls
Dani Vázquez to second
Batting: LHB Jeff Daniels 0-0: Called Strike
0-1: Ground out 4-3 (Groundball, 4D)
Dani Vázquez to third
Keith Beard to second
Batting: SHB José Alomar 0-0: Swinging Strike
0-1: Called Strike
0-2: Ball
1-2: Foul Ball, location: 2F
1-2: Strikes out swinging
Bottom of the 9th over - 0 run(s), 0 hit(s), 0 error(s), 2 left on base; St. Louis 11 - Portland 3
This league is powered by Out of the Park Baseball, the baseball management simulation game for PC, Mac and Linux
Saturday, April 9th, 2016 - OOTP Baseball 16.8 Build 38